Map: Orbital Shipyard

Players

Ben

  • Race: Terran Terran
  • League: Master

Miszu - Winner!

  • Race: Terran Terran
  • League: Master

VOD

Have the link to the VOD?

Description

Time

  • Played on: March 16, 2016, 4:24 p.m.
  • Length: 20:00
Show
View Real Time Build Order
Export as new Build Order

Ben Terran 

Build Orders: Command Center First (CC) 

Get SALT Encoding   

  12  0:00  SCV  
  13  0:13  SCV  
  14  0:25  SCV  
  15  0:29  Supply Depot  
  15  0:51  SCV  
  15  0:56  Command Center  
  16  1:03  SCV  
  17  1:13  Barracks  
  17  1:16  SCV  
  18  1:22  Refinery  
  18  1:25  Refinery  
  18  1:28  SCV  
  19  1:40  SCV  
  20  1:59  Orbital Command  
  20  2:00  Marine  
  21  2:04  Bunker  
  21  2:11  Factory  
  21  2:17  Marine  
  22  2:26  Supply Depot  
  23  2:40  Orbital Command  
  23  2:50  SCV  
  23  2:55  Starport  
  23  3:00  Starport  
  23  3:03  SCV  
  24  3:06  SCV  
  24  3:09  Barracks Tech Lab  
  25  3:15  SCV  
  25  3:16  Hellion  
  28  3:30  Orbital Command  
  28  3:31  SCV  
  28  3:32  Refinery  
  29  3:34  Viking  
  29  3:35  Refinery  
  31  3:42  Hellion  
  31  3:48  Barracks Tech Lab, Raven, SCV  
  36  3:57  SCV  
  36  4:00  SCV  
  38  4:04  Hellion  
  35  4:21  Marauder  
  34  4:25  Hellion  
  36  4:33  SCV x2  
  34  4:47  Hellion  
  34  4:48  Raven  
  34  4:50  SCV  
  39  4:59  SCV  
  39  5:03  SCV  
  39  5:05  Raven  
  42  5:08  Hellion  
  42  5:11  SCV  
  45  5:15  SCV  
  46  5:26  Command Center  
  46  5:29  Supply Depot  
  46  5:30  Factory Tech Lab  
  46  5:32  Explosive Shrapnel Shells  
  46  5:48  Engineering Bay  
  46  5:51  Raven, Siege Tank, SCV x2  
  53  6:03  SCV  
  54  6:04  Bunker  
  54  6:07  Supply Depot  
  54  6:09  Supply Depot  
  54  6:10  Barracks Reactor  
  54  6:20  Missile Turret x3  
  54  6:22  Hi-Sec Auto Tracking  
  54  6:28  Raven, SCV x2  
  58  6:39  Missile Turret  
  58  6:40  SCV, Missile Turret x2  
  59  6:47  SCV  
  59  6:52  SCV  
  61  6:54  Refinery  
  61  6:55  Raven  
  61  6:59  Refinery, SCV  
  64  7:02  Missile Turret  
  64  7:09  SCV x2  
  64  7:11  Raven  
  68  7:17  Hellion x2  
  72  7:24  Sensor Tower, Orbital Command  
  72  7:28  SCV x2  
  74  7:38  Hellion  
  74  7:41  Hellion  
  74  7:43  Raven  
  80  7:45  SCV x2  
  82  7:57  SCV x2  
  84  7:59  SCV  
  84  8:01  Factory  
  85  8:12  Supply Depot x2  
  85  8:16  Missile Turret  
  85  8:17  Missile Turret  
  85  8:26  Bunker  
  85  8:30  Missile Turret  
  85  8:33  Raven, SCV x2  
  85  8:34  Hellion x2, SCV, Missile Turret  
  93  8:36  Raven  
  96  8:45  Factory  
  96  8:46  SCV x3  
  99  8:55  Supply Depot x2  
  99  8:58  SCV x2  
  101  9:09  Supply Depot  
  101  9:10  Supply Depot  
  101  9:16  Marine, Raven  
  108  9:17  Hellion x2, Siege Tank, SCV x3  
  108  9:19  Raven  
  108  9:21  Infernal Pre-Igniter  
  116  9:25  Supply Depot  
  116  9:29  SCV  
  116  9:31  Supply Depot, SCV  
  118  9:33  Supply Depot  
  118  9:34  Marine  
  118  9:37  SCV  
  120  9:41  SCV  
  121  9:46  Missile Turret  
  121  9:49  Siege Tank, Factory Tech Lab  
  121  9:50  Hellion x2  
  115  10:08  Refinery, Siege Tank  
  115  10:11  Hellion  
  115  10:12  Hellion, Missile Turret  
  115  10:13  Missile Turret  
  122  10:14  Raven  
  122  10:19  Bunker, SCV  
  122  10:20  SCV x2  
  130  10:21  Raven, Siege Tank  
  130  10:22  Missile Turret x2  
  132  10:32  SCV x2  
  132  10:33  Hellion, SCV  
  132  10:34  Hellion  
  139  10:40  Siege Tank, Missile Turret  
  142  10:44  SCV x2  
  142  10:45  Missile Turret  
  142  10:46  Missile Turret  
  144  10:50  Marine  
  144  10:53  Siege Tank  
  144  10:55  Hellion  
  144  10:56  Hellion  
  152  11:08  Raven  
  152  11:09  Raven  
  152  11:11  SCV  
  157  11:22  Command Center  
  157  11:26  Supply Depot x2  
  157  11:27  Supply Depot  
  157  11:40  Missile Turret  
  157  11:45  Missile Turret  
  157  11:47  Command Center, Missile Turret  
  157  11:48  Hellion x3, Siege Tank, Missile Turret  
  157  11:50  Raven  
  157  11:53  Supply Depot  
  168  12:09  Siege Tank  
  168  12:11  Command Center  
  170  12:21  Hellion x2, Siege Tank  
  177  12:32  Raven  
  177  12:33  Raven  
  177  12:36  Missile Turret x3  
  181  12:37  Missile Turret  
  181  12:40  Orbital Command  
  181  12:41  Siege Tank  
  184  12:52  Hellion  
  184  12:53  Hellion, Siege Tank  
  184  13:14  Siege Tank  
  184  13:15  Raven  
  189  13:26  Bunker  
  189  13:28  Missile Turret  
  189  13:31  Missile Turret  
  189  13:43  Raven, Siege Tank  
  189  13:46  Siege Tank  
  197  13:58  Raven  
  197  14:16  Siege Tank  
  200  14:20  Refinery  
  200  14:27  Refinery  
  200  14:28  Missile Turret  
  200  14:30  Missile Turret x2  
  200  14:31  Command Center, Missile Turret  
  200  14:33  Planetary Fortress  
  200  14:34  Missile Turret  
  200  14:42  Sensor Tower  
  200  14:43  Orbital Command  
  200  14:47  Missile Turret  
  173  15:22  Liberator x2  
  155  15:35  Orbital Command  
  138  15:42  Starport  
  144  15:43  Starport  
  144  15:48  Missile Turret  
  144  15:50  Missile Turret  
  144  15:51  Refinery, Cyclone x2  
  144  15:52  Hellion  
  144  15:53  Hellion, Missile Turret x2  
  144  15:54  Missile Turret  
  144  15:56  Missile Turret  
  153  15:58  Orbital Command  
  153  16:05  Liberator x3  
  153  16:06  Liberator  
  153  16:18  Missile Turret  
  153  16:19  Missile Turret  
  153  16:20  Missile Turret  
  153  16:21  Missile Turret  
  165  16:36  Missile Turret  
  165  16:38  Refinery  
  165  16:39  Missile Turret  
  165  16:40  Missile Turret  
  165  16:43  Hellion, Cyclone x2  
  165  16:44  Hellion  
  165  16:45  Mag-Field Accelerator  
  175  16:48  Liberator x3  
  175  16:50  Planetary Fortress  
  175  16:55  Missile Turret  
  175  17:04  Hellion  
  186  17:13  Liberator, Armory  
  186  17:22  Missile Turret  
  174  17:53  Raven  
  171  18:00  Liberator x3  
  171  18:09  Siege Tank x2  
  186  18:35  Refinery  
  186  18:37  Missile Turret  
  186  18:39  Refinery, Missile Turret  
  186  18:40  Hellion, Missile Turret  
  182  18:41  Missile Turret  
  182  18:42  Missile Turret  
  166  19:06  Hellion x3, Cyclone  
  170  19:27  Cyclone  
  147  19:47  SCV  
Show
View Real Time Build Order
Export as new Build Order

Miszu Terran - Winner!

Build Orders: 1/1/1, MMM Bio 

Get SALT Encoding   

  12  0:00  SCV  
  13  0:12  SCV  
  14  0:17  Supply Depot  
  14  0:25  SCV  
  15  0:39  SCV  
  16  0:45  Barracks  
  16  0:47  Refinery  
  16  0:51  SCV  
  16  0:53  Refinery  
  17  1:03  SCV  
  18  1:15  SCV  
  20  1:33  Marine  
  20  1:35  Orbital Command  
  20  1:40  Factory  
  20  1:50  Supply Depot  
  21  1:57  Barracks Reactor  
  21  2:00  SCV  
  21  2:12  SCV  
  22  2:16  Supply Depot  
  22  2:24  SCV  
  22  2:25  Starport, Hellion  
  25  2:33  Marine x2  
  25  2:37  SCV  
  28  2:47  Hellion  
  28  2:49  SCV  
  28  2:51  Marine x2  
  31  2:57  Supply Depot  
  33  3:01  Medivac, SCV  
  36  3:08  Hellion  
  38  3:13  SCV  
  41  3:25  SCV  
  42  3:37  Command Center  
  42  3:42  Factory Tech Lab  
  42  3:44  SCV  
  41  3:53  Command Center  
  37  4:23  Marine x2, SCV  
  37  4:29  Siege Tank  
  37  4:30  Barracks  
  37  4:31  Barracks  
  40  4:35  SCV  
  41  4:41  Marine  
  41  4:42  Marine  
  43  4:47  SCV  
  43  4:49  SCV  
  45  4:59  Marine  
  42  5:00  SCV  
  42  5:02  Orbital Command  
  42  5:05  Marine  
  44  5:09  Starport Reactor  
  44  5:11  Orbital Command  
  44  5:16  Marine  
  44  5:20  Barracks Tech Lab x2  
  45  5:23  SCV  
  45  5:24  Marine  
  45  5:28  SCV  
  48  5:34  Marine, Orbital Command  
  48  5:35  SCV  
  50  5:37  Engineering Bay x2  
  50  5:40  SCV  
  51  5:43  Stimpack, Combat Shields  
  51  5:47  SCV  
  52  5:50  Refinery  
  52  5:51  Refinery  
  52  5:52  SCV  
  55  5:57  Marine  
  55  5:58  Marine  
  55  5:59  SCV  
  55  6:00  Marine x2  
  55  6:01  SCV  
  59  6:04  SCV  
  59  6:11  Terran Infantry Armor Level 1, SCV  
  60  6:12  Terran Infantry Weapons Level 1  
  60  6:13  SCV  
  60  6:15  Marine  
  60  6:16  Marine, SCV  
  65  6:18  Marine x2  
  65  6:22  Medivac x2  
  65  6:23  SCV  
  65  6:25  SCV  
  73  6:28  SCV  
  73  6:31  Supply Depot  
  74  6:33  Marine  
  74  6:36  Barracks, SCV  
  74  6:37  Barracks  
  74  6:38  SCV  
  77  6:46  Supply Depot  
  77  6:53  Marine x4, SCV x3  
  84  7:05  SCV  
  84  7:09  SCV x2  
  84  7:11  Supply Depot x2, Marine x2, Marauder x2  
  92  7:17  SCV  
  92  7:22  Armory  
  93  7:27  Barracks Reactor, Barracks Tech Lab  
  93  7:32  Marine, Medivac x2, SCV x2  
  93  7:34  Supply Depot  
  93  7:35  Supply Depot  
  100  7:37  Marauder, SCV  
  103  7:48  Marine x2, Marauder  
  103  7:49  SCV  
  103  7:50  SCV  
  109  7:56  Marine, SCV  
  109  7:57  Supply Depot  
  109  7:58  Supply Depot  
  111  7:59  Marauder  
  111  8:01  SCV  
  111  8:02  SCV  
  111  8:05  Marine  
  115  8:06  Marine, Marauder  
  115  8:08  Marine, SCV  
  115  8:09  Terran Infantry Weapons Level 2  
  115  8:10  Supply Depot, Marauder  
  115  8:11  Terran Infantry Armor Level 2  
  123  8:13  SCV  
  123  8:17  SCV  
  125  8:20  Supply Depot, SCV  
  125  8:22  Supply Depot  
  125  8:23  Medivac x2  
  125  8:26  Marine  
  125  8:27  Marine x3  
  132  8:33  Marauder x2  
  141  8:36  Supply Depot  
  141  8:39  Marauder  
  140  8:44  Marine x2  
  140  8:45  Marine  
  140  8:48  Marine  
  144  8:50  Supply Depot  
  144  8:54  Marauder x2  
  148  8:59  Command Center  
  148  9:00  Marine  
  148  9:02  Marine x3  
  150  9:06  Supply Depot, Marine  
  150  9:08  Supply Depot  
  153  9:10  Medivac x2  
  153  9:15  Marauder  
  153  9:16  Marauder  
  161  9:18  Marauder  
  161  9:20  Marine x3  
  166  9:25  Supply Depot  
  166  9:30  Barracks  
  166  9:32  Barracks x2  
  166  9:37  Marine, Marauder x2  
  171  9:40  Marine  
  171  9:41  Marine x2, Marauder  
  176  9:46  Medivac, Siege Tank  
  181  9:54  Marine  
  181  9:57  Marine  
  181  9:58  Marine x2  
  181  9:59  Marine x2  
  185  10:02  Marauder  
  148  10:10  SCV  
  148  10:12  Marine, Planetary Fortress  
  150  10:15  Marine  
  150  10:16  Marine x2  
  150  10:17  Marine x2  
  155  10:24  Barracks Reactor x2, Barracks Tech Lab, Marauder  
  157  10:29  SCV  
  157  10:30  Marine  
  157  10:31  Terran Infantry Weapons Level 3  
  157  10:34  Marine x4, Terran Infantry Armor Level 3, Marauder  
  165  10:40  Missile Turret  
  165  10:52  Marine, Marauder  
  165  10:53  Medivac x2, Marauder  
  174  10:57  Marine x4, Marauder  
  174  11:00  Marine  
  174  11:03  Marine x3  
  184  11:10  Marine  
  185  11:13  Marine x2  
  185  11:15  Marine x4  
  185  11:18  Marine x2  
  192  11:21  Marine x3  
  192  11:25  Refinery x2  
  196  11:26  Refinery x2  
  196  11:28  Marine, Command Center  
  196  11:31  Marine  
  196  11:32  Marauder  
  200  11:48  Barracks x2  
  200  11:50  Barracks  
  200  11:51  Barracks  
  200  11:52  Barracks  
  200  11:53  Barracks  
  200  12:02  Starport  
  200  12:05  Starport  
  198  12:24  Command Center  
  198  12:27  Command Center  
  198  12:28  Command Center  
  198  12:31  Marauder  
  200  12:50  Barracks Tech Lab x2  
  200  12:51  Barracks Reactor  
  200  12:52  Barracks Tech Lab  
  200  12:53  Barracks Tech Lab  
  197  13:00  Terran Vehicle And Ship Armor Level 1  
  197  13:03  Armory  
  184  13:15  Medivac  
  184  13:16  Medivac  
  184  13:19  Marine  
  189  13:21  Starport Tech Lab x2  
  189  13:30  Planetary Fortress  
  189  13:39  Marine x3, Marauder x2  
  189  13:40  Marine x4  
  200  13:46  Refinery  
  200  13:51  Refinery  
  200  14:01  Marine x7  
  199  14:37  Raven  
  190  15:04  Marine x2, Marauder  
  190  15:06  Marine x7, Marauder  
  181  15:15  Marauder  
  181  15:16  Raven  
  181  15:17  Marine, Marauder x2  
  161  15:33  Marine x5, Marauder  
  161  15:34  Marine x9  
  161  15:35  Marine, Medivac x3  
  124  15:36  Marine  
  124  15:38  Marine x2  
  124  15:41  Orbital Command x2  
  127  15:51  Marine x10  
  127  15:52  Marine x2, Marauder x2  
  127  15:53  Marine  
  127  15:54  Marine  
  127  15:55  Marauder  
  127  15:56  Marauder  
  127  15:57  Marauder  
  151  15:59  Medivac  
  147  16:05  Medivac x3  
  147  16:08  Marine  
  147  16:09  Marine x3  
  147  16:10  Marauder x2  
  161  16:11  Marine x3  
  161  16:12  Marauder  
  161  16:13  Marauder x2  
  161  16:16  Marauder  
  161  16:18  Marauder  
  176  16:29  Medivac, SCV  
  176  16:30  SCV x5  
  186  16:34  Planetary Fortress  
  186  16:35  Medivac x2  
  188  16:41  Marine, Medivac, SCV  
  188  16:42  Marine x3, Marauder x3, SCV  
  200  17:20  Refinery x2  
  200  17:33  Marauder  
  150  17:52  Marine  
  150  17:53  Marine, Marauder  
  150  17:54  Marine x15, Marauder  
  132  18:00  Medivac x3  
  132  18:01  Medivac  
  140  18:10  Marine  
  140  18:11  Marine  
  140  18:12  Marine x12  
  155  18:13  Marauder x3  
  155  18:14  Marauder  
  155  18:15  Marauder  
  155  18:16  Command Center  
  164  18:28  Marine  
  164  18:29  Marine  
  164  18:30  Marine x8, Medivac x2  
  164  18:31  Marauder x3  
  188  18:34  Marauder x2  
  186  18:43  Marine, Marauder  
  186  18:45  Command Center  
  186  18:46  Command Center  
  186  18:47  Marine  
  186  18:48  Marine, Marauder  
  170  18:49  Marine x8, Marauder  
  170  18:51  Marine x3  
  170  18:55  Marine x2  
  186  19:01  Marine  
  175  19:05  Marauder  
  175  19:09  Marine, Marauder  
  177  19:13  Marine, Marauder  
  177  19:14  Marine x5, Marauder  
  177  19:16  Marine, Marauder  
  190  19:18  Marine x5, Marauder  
  194  19:25  Marine  
  194  19:26  Marine  
  194  19:30  Marine  
  192  19:31  Marine  
  192  19:32  Marine  
  192  19:34  Marauder  
Tags
 
Add a new tag
Caveats
  • Supply blocks, unpowered buildings, or Contaminate may cause inaccurate times.
  • Supply counts are checked every 10 seconds.